 Dungeon Crawl Stone Soup version 0.24.0-123-gd5b16e6ec5 (webtiles) character file.

Game seed: 14369797203210375302, levelgen mode: deterministic

37 FishyPogo the Ruffian (level 3, 0/31 HPs)
             Began as a Naga Transmuter on Dec 29, 2019.
             Succumbed to an adder's poison
             ... on level 2 of the Dungeon.
             The game lasted 00:04:01 (1451 turns).

FishyPogo the Ruffian (Naga Transmuter)             Turns: 1451, Time: 00:04:03

Health: 0/31       AC:  2    Str: 12    XL:     3   Next: 39%
Magic:  6/6        EV: 10    Int: 14    God:
Gold:   62         SH:  0    Dex: 11    Spells: 0/6 levels left

rFire    . . .     SeeInvis +     - Unarmed
rCold    . . .     Gourm    .   (no shield)
rNeg     . . .     Faith    .   b - +0 robe
rPois    +         Spirit   .   (no helmet)
rElec    .         Reflect  .   (no cloak)
rCorr    .         Harm     .   (no gloves)
MR       .....                  (no barding)
Stlth    +.........             (no amulet)
HPRegen  0.10/turn              (no ring)
MPRegen  0.10/turn              (no ring)

@: lethally poisoned (0 -> -6), starving, very slow
A: large, see invisible, deformed body, poison resistance, slowness 2, slow
metabolism 1, spit poison 1, AC +1
a: Spit Poison


You were on level 2 of the Dungeon.
You were starving.

You visited 1 branch of the dungeon, and saw 2 of its levels.

You collected 62 gold pieces.

Inventory:

Missiles
 a - 50 arrows
 e - 7 stones (quivered)
 f - 11 poisoned darts
Armour
 b - a +0 robe (worn)
Scrolls
 g - 5 scrolls of identify {unknown}
 h - 2 scrolls of teleportation {unknown}
 i - a scroll of remove curse {unknown}
Potions
 j - a potion of might {unknown}
 k - 2 potions of heal wounds {unknown}
Comestibles
 d - 4 rations


   Skills:
 - Level 1.0 Fighting
 - Level 1.7 Dodging
 - Level 3.3 Unarmed Combat
 - Level 2.1 Spellcasting
 + Level 3.1 Transmutations


You couldn't memorise any spells.
You knew the following spells:

 Your Spells              Type           Power        Failure   Level  Hunger
a - Spider Form           Tmut/Pois      #.........   36%         3    ###....
n - Sticks to Snakes      Tmut           ##......     10%         2    ###....
y - Beastly Appendage     Tmut           ##....       6%          1    #......

Your spell library contained the following spells:

 Spells                   Type           Power        Failure   Level  Hunger
 Ice Form                 Ice/Tmut       #.......     77%         4    #####..
 Blade Hands              Tmut           ##........   87%         5    ######.


Dungeon Overview and Level Annotations

Branches:
Dungeon (2/15)

Altars:


Innate Abilities, Weirdness & Mutations

You cannot wear boots.
Your serpentine skin is tough. (AC +1)
You have supernaturally acute eyesight. (SInv)
Armour fits poorly on your strangely shaped body.
Your system is resistant to poisons. (rPois)
You cover ground very slowly.
You have a slow metabolism.
You can spit poison.


Message History

You hit the adder but do no damage.
The adder is moderately wounded.
The adder bites you.
* * * LOW HITPOINT WARNING * * *
You closely miss the adder.
The adder is moderately wounded.
The adder bites you but does no damage.
You hit the adder.
The adder is heavily wounded.
The adder bites you.
* * * LOW HITPOINT WARNING * * *
You are more poisoned.
The adder poisons you!
You hit the adder.
The adder is severely wounded.
* * * LOW HITPOINT WARNING * * *
You feel sick. The adder misses you. The adder closely misses you.
You hit the adder but do no damage.
The adder is heavily wounded.
You die...

#.#.##.#.#
#.........#.#
#.##.##.#.#
#..####...#.#
#.###+##.#.# #..#
#.#.#.# ##
#.......#####..#
#.#....
#####...........#..#
#.#.#.#
#..........####.#..#
#......
#..........+..#.#..#
#..|...
#..........##.#.#..#
#......
###.........@...#..#
#....>.
#........##S#######
#####+#
###########........
#..###### #..# #..#
#..# +..# ....


You could see an adder.

Vanquished Creatures
  An adder (D:2)
  2 dart slugs (D:1)
  4 bats (D:1)
  2 goblins (D:1)
  4 hobgoblins (D:1)
  2 frilled lizards (D:1)
  7 kobolds (D:1)
  3 rats
25 creatures vanquished.

Notes
Turn   | Place    | Note
-------+----------+-------------------------------------------
     0 | D:1      | FishyPogo the Naga Transmuter began the quest for the Orb.
     0 | D:1      | Reached XP level 1. HP: 18/18 MP: 3/3
    93 | D:1      | Reached XP level 2. HP: 19/25 MP: 3/5
   326 | D:1      | Learned a level 2 spell: Sticks to Snakes
   687 | D:1      | Reached XP level 3. HP: 31/31 MP: 4/6
  1418 | D:2      | Learned a level 3 spell: Spider Form
  1450 | D:2      | HP: 1/31 [poisoned by an adder]
  1451 | D:2      | Succumbed to an adder's poison

Levels and vault maps discovered:
D:1:      shiori_arrival_oz, layout_basic, chequers_serial_rivers_large_a
D:2:      layout_basic, elyvilon_altar_5, serial_glass, glass_columns_b,
          glass_columns_c, amethyst_killhole

Skill      XL: |  1  2  3 |
---------------+----------+-----
Transmutations | 3 |  3.1
Fighting       | |  1.0
Dodging        | |  1.7
Unarmed Combat | |  3.3
Spellcasting   | |  2.1

Action                   || total
-------------------------++-------
Melee: Unarmed           ||    94
       Headbutt          ||     4
 Cast: Beastly Appendage ||    11
 Abil: Spit Poison       ||    16
Armor: Robe              ||    13
Dodge: Dodged            ||    52
